 Dungeon Crawl Stone Soup version 0.28-a0-465-ge2dae52223 (webtiles) character file.

Game seed: 5422716143101472706

5571 Demosthentine the Spear-Bearer (level 10, 0/82 HPs)
             Began as a Merfolk Gladiator on Sept 14, 2021.
             Was a Follower of the Shining One.
             Slain by Maggie (1 damage)
             ... on level 9 of the Dungeon.
             The game lasted 00:10:31 (11417 turns).

Demosthentine the Spear-Bearer (Merfolk Gladiator) Turns: 11417, Time: 00:10:32

Health: 0/82       AC:  9    Str: 16    XL:     10   Next: 72%
Magic:  11/11      EV: 17    Int:  9    God:    the Shining One [*.....]
Gold:   479        SH:  0    Dex: 16    Spells: 9/9 levels left

rFire   . . .      SeeInvis .   a - +1 trident
rCold   . . .      Faith    .   (no shield)
rNeg    . . .      Spirit   .   x - +0 troll leather armour
rPois   .          Reflect  .   c - +0 helmet
rElec   .          Harm     .   l - +1 cloak
rCorr   .          Rampage  .   (no gloves)
Will    .....                   p - +0 pair of boots
Stlth   +.........              (no amulet)
HPRegen 1.23/turn               (no ring)
MPRegen 0.12/turn               (no ring)

@: mesmerised, glowing
A: (nimble swimmer 2), mertail
a: Renounce Religion


You were on level 9 of the Dungeon.
You worshipped the Shining One.
The Shining One was aware of your devotion.
You visited 2 branches of the dungeon, and saw 10 of its levels.
You also visited: Bailey.

You collected 658 gold pieces.
You spent 179 gold pieces at shops.

Inventory:

Hand Weapons
 a - a +1 trident (weapon)
Armour
 c - a +0 helmet (worn)
 l - a +1 cloak (worn)
 p - a +0 pair of boots (worn)
 x - a +0 troll leather armour (worn)
Wands
 b - a wand of iceblast (7)
 f - a wand of flame (5)
 i - a wand of charming (5)
 m - a wand of mindburst (40)
 r - a wand of digging (4)
Scrolls
 j - 4 scrolls of teleportation
 k - a scroll of magic mapping
 o - a scroll of silence
 q - a scroll of enchant weapon
 s - a scroll of fog
 w - a scroll of identify
Potions
 d - 2 potions of lignification
 g - 2 potions of flight
 h - a potion of mutation
 t - a potion of cancellation {unknown}
 u - a potion of haste {unknown}
 v - a potion of attraction
Miscellaneous
 n - a piece from Xom's chessboard (15/15)


   Skills:
 + Level 8.9 Fighting
 + Level 11.7 Polearms
 - Level 2.0 Throwing
 - Level 5.6 Armour
 + Level 10.9 Dodging
 + Level 2.3 Invocations


You had 9 spell levels left.
You didn't know any spells.
Your spell library contained the following spells:

 Spells                   Type           Power      Damage    Failure   Level
 Sandblast                Erth           0%         2d4       43%         1
 Passwall                 Tmut/Erth      0%         N/A       58%         2
 Ozocubu's Armour         Ice            0%         N/A       82%         3
 Stone Arrow              Conj/Erth      0%         3d7       82%         3
 Metabolic Englaciation   Hex/Ice        0%         N/A       100%        5
 Dispersal                Tloc           0%         N/A       100%        6
 Simulacrum               Ice/Necr       0%         N/A       100%        6
 Disjunction              Tloc           0%         N/A       100%        8


Dungeon Overview and Level Annotations

Branches:
Dungeon (9/15)             Temple (1/1) D:5          Bailey (visited)
   Lair: D:8-11         Orc: D:9-12

Altars:
Ashenzari
Cheibriados
Dithmenos
Fedhas
Gozag
Hepliaklqana
Kikubaaqudgha
Makhleb
Nemelex Xobeh
Okawaru
Qazlal
Sif Muna
Trog
Vehumet
Wu Jian
Xom
The Shining One

Shops:
D:1 [::   D:2 (   D:3 [   D:4 ?   D:6 *   D:7 ?

Annotations:
D:9 Maggie


Innate Abilities, Weirdness & Mutations

((You are quick and stealthy near water. (Stealth+, EV+, Speed+++)))
Your lower body shifts to a powerful aquatic tail in water.


Message History

Unknown command.
You barely miss Maggie.
Maggie is heavily wounded.
Unknown command.
You hit Maggie.
Maggie is heavily wounded.
Maggie completely misses you. The kobold brigand closely misses you.
You barely miss Maggie.
Maggie is heavily wounded.
The kobold brigand closely misses you. Maggie closely misses you.
Unknown command.
You hit Maggie but do no damage.
Maggie is heavily wounded.
The kobold brigand barely misses you. Maggie barely misses you.
Unknown command.
You puncture Maggie!
Maggie is severely wounded.
You puncture Maggie!
Maggie is almost dead.
The kobold brigand hits you with a +0 whip.
* * * LOW HITPOINT WARNING * * *
Maggie barely misses you.
You hit Maggie but do no damage.
Maggie is almost dead.
A kobold comes into view.
It is wielding a +0 short sword and quivering poisoned darts.
The kobold brigand closely misses you.
Maggie hits you with a +1 long sword of flaming.
* * * LOW HITPOINT WARNING * * *
Maggie burns you.
* * * LOW HITPOINT WARNING * * *
The kobold shouts!
You hit Maggie.
Maggie is almost dead.
Unknown command.
You hit Maggie.
Maggie is almost dead.
Maggie hits you with a +1 long sword of flaming.
* * * LOW HITPOINT WARNING * * *
Maggie burns you.
You die...

##..#.#
#.##.............
##.#.#
#.##.............
#.#.#
.......).........
#.#.#
.................
..#
#.................
.##
#.................
.................
##..#####.########
...K.KKK@@.....#
.....K###.####.#
###.# .... ..
#..... # .......#
######.# #


You could see Maggie (mesmerising), a kobold brigand and 4 kobolds.

Vanquished Creatures
  2 two-headed ogres
  Joseph (D:7)
  A troll (D:8)
  Grinder (D:4)
  Sigmund (D:2)
  A shadow (D:9)
  2 wyverns
  Edmund (D:4)
  Duvessa (D:7)
  An ice beast (D:7)
  A black bear (D:5)
  4 orc warriors
  2 necrophages
  3 ogres
  2 centaurs
  A phantom (D:6)
  A gnoll sergeant (D:4)
  2 bullfrogs
  A scorpion (D:6)
  Dowan (D:7)
  6 killer bees (D:9)
  3 howler monkeys
  6 hounds
  Crazy Yiuf (D:2)
  An orc priest (D:7)
  2 centaur skeletons
  2 iguanas
  2 bullfrog skeletons (D:5)
  4 orc wizards
  A hound skeleton (D:4)
  A howler monkey zombie (D:7)
  13 gnolls
  2 adders
  2 adder skeletons (D:4)
  2 worms
  5 dart slugs
  35 orcs
  5 ball pythons
  10 endoplasms
  A giant cockroach (D:2)
  13 goblins
  7 hobgoblins
  12 jackals
  4 quokkas
  4 bats
  3 frilled lizards
  15 kobolds
  7 rats
199 creatures vanquished.

Vanquished Creatures (others)
  A bat (D:1)
  2 plants (D:4)
3 creatures vanquished.

Grand Total: 202 creatures vanquished

Notes
Turn   | Place    | Note
-------+----------+-------------------------------------------
     0 | D:1      | Demosthentine the Merfolk Gladiator began the quest for the
                  | Orb.
     0 | D:1      | Reached XP level 1. HP: 16/16 MP: 1/1
    62 | D:1      | Reached XP level 2. HP: 23/23 MP: 2/2
    99 | D:1      | Found Anan Cio's Armour Emporium.
   277 | D:1      | Found a bloodstained altar of Trog.
   338 | D:1      | Found Ahem Qaga's Book Shop.
   360 | D:1      | Reached XP level 3. HP: 26/28 MP: 3/3
   502 | D:1      | Found Ikowka Iveta's Book Shoppe.
   873 | D:2      | Noticed Sigmund
  1134 | D:1      | Reached skill level 1 in Armour
  1241 | D:2      | Killed Sigmund
  1242 | D:2      | Reached skill level 5 in Polearms
  1242 | D:2      | Reached skill level 5 in Dodging
  1242 | D:2      | Reached XP level 4. HP: 27/37 MP: 4/4
  1242 | D:2      | Reached XP level 5. HP: 31/42 MP: 5/5
  1542 | D:2      | Reached skill level 6 in Polearms
  1545 | D:2      | Reached XP level 6. HP: 48/48 MP: 6/6
  1703 | D:2      | Found Odghaeco's Antique Weapon Emporium.
  1744 | D:2      | Found an ornate altar of the Wu Jian Council.
  1836 | D:2      | Found a runed translucent door.
  1837 | D:2      | Noticed Crazy Yiuf
  1848 | D:2      | Killed Crazy Yiuf
  3043 | D:3      | Found Tuhux's Armour Emporium.
  3142 | D:4      | Noticed Edmund
  3161 | D:4      | Killed Edmund
  3162 | D:4      | Reached XP level 7. HP: 12/55 MP: 7/7
  3519 | D:4      | Found Edeaz's Magic Scroll Emporium.
  3529 | D:4      | Bought a scroll of magic mapping for 35 gold pieces
  3529 | D:4      | Bought a scroll of silence for 75 gold pieces
  3929 | D:4      | Reached skill level 7 in Polearms
  3987 | D:4      | Noticed Grinder
  4012 | D:4      | Killed Grinder
  4013 | D:4      | Reached skill level 5 in Fighting
  4336 | D:5      | Entered Level 5 of the Dungeon
  4343 | D:5      | Reached XP level 8. HP: 53/62 MP: 8/8
  4466 | D:5      | Reached skill level 8 in Polearms
  4796 | D:5      | HP: 2/64 [gnoll sergeant (4)]
  5462 | D:5      | Found a staircase to the Ecumenical Temple.
  5491 | Temple   | Entered the Ecumenical Temple
  5647 | Temple   | Became a worshipper of the Shining One
  6248 | D:5      | Found a sparkling altar of Nemelex Xobeh.
  6397 | D:6      | Reached skill level 9 in Polearms
  6511 | D:6      | Found a stormy altar of Qazlal.
  6557 | D:6      | Reached XP level 9. HP: 52/71 MP: 9/9
  7578 | D:6      | Found Bifaop's Assorted Antiques.
  7581 | D:6      | Bought a sedimented golden potion for 15 gold pieces
  7581 | D:6      | Bought a lumpy grey potion for 15 gold pieces
  7819 | D:7      | Noticed Dowan
  7820 | D:7      | Noticed Duvessa
  7832 | D:7      | Killed Duvessa
  7847 | D:7      | Killed Dowan
  7977 | D:7      | Noticed Joseph
  8004 | D:7      | Killed Joseph
  8005 | D:7      | Reached skill level 10 in Polearms
  8366 | D:7      | Found a radiant altar of Vehumet.
  8495 | D:7      | Reached * piety under the Shining One
  8751 | D:7      | Found Zeugut's Magic Scroll Shop.
  8768 | D:7      | Bought a scroll of teleportation for 39 gold pieces
  8913 | D:8      | Noticed a two-headed ogre
  9178 | D:8      | Found a flagged portal.
  9197 | Bailey   | Entered a bailey
  9257 | Bailey   | Reached skill level 5 in Armour
  9703 | Bailey   | Reached XP level 10. HP: 45/80 MP: 10/10
  9871 | Bailey   | Found an iron altar of Okawaru.
  9995 | D:8      | Killed a two-headed ogre
  9996 | D:8      | Reached skill level 11 in Polearms
  9996 | D:8      | Reached skill level 10 in Dodging
 11224 | D:9      | Found an iron altar of Okawaru.
 11290 | D:9      | Noticed a two-headed ogre
 11309 | D:9      | Killed a two-headed ogre
 11337 | D:9      | Noticed Maggie
 11417 | D:9      | HP: 1/82 [Maggie (6)]
 11417 | D:9      | Slain by Maggie

Illustrated notes

Levels and vault maps discovered:
D:1:      dpeg_arrival_water_altar, layout_basic, serial_shops, shop_statue,
          shop, nicolae_shop_trees, lemuel_old_faithful
D:2:      layout_rooms, serial_shops, nicolae_shop_trees, basic_altar,
          eino_curves_02, uniq_sigmund, uniq_crazy_yiuf_cottage
D:3:      layout_basic, serial_shops, nicolae_shop_trees
D:4:      minmay_diamond_boxcup, layout_loops_ring, serial_shops, shop,
          serial_bayou, serial_bayou_ford_a, serial_bayou_pond_d,
          serial_bayou_shore_b, serial_bayou_lagoon_a, eino_tiny_chamber,
          chequers_serial_rivers_micro_e, uniq_grinder, uniq_edmund
D:5:      layout_loops_ring, nemelex_dance_club_becter,
          minmay_temple_entry_junction, minivault_5
D:6:      layout_layer_cave, amcnicky_altar_gilded, serial_shops,
          kennysheep_mini_moat, hangedman_decor_lopped
D:7:      layout_basic, nicolae_vehumet_altar_sigil, serial_shops, shop_coins,
          uniq_duvessa, uniq_joseph
D:8:      layout_loops_corners, lightli_bailey_entry_fortress,
          kennysheep_generic_room_3
D:9:      layout_basic, okawaru_altar_gauntlet_db, special_room
          [special_room_orc], serial_shops, shop, uniq_maggie
Temple:   minmay_temple_bridge_abc

Skill      XL: |  1  2  3  4  5  6  7  8  9 10 |
---------------+-------------------------------+-----
Armour         | 1 2 3 4 5 |  5.6
Fighting       | 3 4 5 6 7 8 |  8.9
Polearms       | 5 6 7 9 10 11 | 11.7
Dodging        | 5 6 7 8 9 10 | 10.9
Invocations    | 2 |  2.3
Throwing       | |  2.0

Action                   |  1- 3 |  4- 6 |  7- 9 | 10-12 || total
-------------------------+-------+-------+-------+-------++-------
Melee: Trident           |   107 |   149 |   508 |   181 ||   945
       Tailslap          |       |       |     2 |     2 ||     4
Throw: Throwing net      |     2 |     2 |       |       ||     4
  Use: Scroll            |     3 |     3 |    10 |     1 ||    17
       Potion            |     2 |       |     4 |     1 ||     7
 Stab: Sleeping          |     1 |       |       |       ||     1
       Held in net/web   |     1 |     4 |       |       ||     5
Armor: Leather armour    |    27 |    25 |    79 |     8 ||   139
       Troll leather arm |       |       |       |    15 ||    15
Dodge: Dodged            |    76 |    74 |   296 |   139 ||   585

Table legend: (Time is in decaauts)
 A = Elapsed time spent in this place.
 B = Non-inter-level travel time spent in this place.
 C = Inter-level travel time spent in this place.
 D = Time resting spent in this place.
 E = Time spent auto-exploring this place.
 F = Levels seen in this place.
 G = Mean time per level.
                   A        B        C        D        E       F      G
               +--------+--------+--------+--------+--------+-----+--------+
         Total |  11194 |  10985 |    209 |    916 |   8327 |  11 | 1017.6 |
       Dungeon |  10376 |  10168 |    208 |    612 |   7965 |   9 | 1152.9 |
        Temple |    138 |    138 |      0 |      0 |    106 |   1 |  138.0 |
        Bailey |    679 |    679 |      0 |    304 |    255 |   1 |  679.0 |
               +--------+--------+--------+--------+--------+-----+--------+

Top non-repeatable levels by time:
     D:4: 1680 daAuts
     D:8: 1524 daAuts
     D:5: 1339 daAuts
     D:6: 1298 daAuts
     D:7: 1206 daAuts
     D:3: 1183 daAuts
     D:1: 1170 daAuts
     D:2: 756 daAuts
  Bailey: 679 daAuts
     D:9: 217 daAuts
  Temple: 138 daAuts
